Map: Acid Plant LE

Players

JonSnow

  • Race: Zerg Zerg
  • Spawn Location: 11:00

Serral - Winner!

  • Race: Zerg Zerg
  • Spawn Location: 5:00

Event: WCS Montreal 2018

VOD

Have the link to the VOD?

Description

Time

  • Played on: Sept. 8, 2018, 9:31 a.m.
  • Length: 11:33

All games in this series

Show
View Real Time Build Order
Export as new Build Order

JonSnow Zerg 

Build Orders: Hatch First, Zergling Baneling 

Get SALT Encoding   

  12  0:00  Drone  
  13  0:12  Overlord  
  13  0:16  Drone  
  14  0:31  Drone x2  
  14  0:35  Drone  
  17  0:52  Hatchery  
  17  0:56  Drone  
  17  0:59  Drone  
  18  1:10  Extractor  
  17  1:17  Spawning Pool  
  17  1:18  Drone  
  17  1:23  Drone  
  18  1:28  Drone  
  20  1:40  Drone  
  20  1:52  Overlord  
  20  2:02  Drone  
  20  2:03  Queen  
  20  2:04  Queen  
  20  2:05  Zergling x2  
  26  2:10  Metabolic Boost  
  26  2:12  Zergling x2  
  26  2:15  Drone  
  28  2:23  Drone  
  28  2:26  Drone  
  30  2:39  Drone, Hatchery  
  30  2:43  Drone  
  31  2:49  Baneling Nest  
  31  2:51  Drone  
  31  2:55  Overlord  
  31  3:05  Zergling x6  
  34  3:13  Queen  
  34  3:19  Drone x4  
  40  3:23  Overlord  
  40  3:32  Baneling  
  40  3:33  Baneling x2  
  40  3:35  Overlord  
  40  3:39  Drone x3  
  43  3:49  Zergling x10  
  46  4:04  Zergling x12  
  46  4:07  Overlord  
  46  4:09  Baneling x4  
  52  4:12  Zergling x2  
  53  4:18  Zergling x4  
  53  4:19  Zergling x4  
  57  4:24  Zergling x2  
  57  4:25  Zergling x8  
  60  4:34  Zergling x4  
  60  4:35  Zergling x6  
  60  4:37  Baneling x2  
  64  4:45  Zergling x4  
  57  4:55  Zergling x8  
  60  5:01  Baneling  
  60  5:05  Zergling x2  
  60  5:06  Zergling x12  
  61  5:08  Baneling  
  61  5:13  Zergling x2  
  58  5:15  Extractor  
  58  5:16  Extractor  
  58  5:18  Evolution Chamber  
  58  5:19  Zergling x4, Roach Warren  
  54  5:25  Zergling x2  
  52  5:28  Zergling x2  
  52  5:29  Zergling x10  
  52  5:31  Baneling x2  
  52  5:34  Zergling x4  
  56  5:37  Baneling  
  56  5:39  Drone  
  53  5:57  Zergling x16  
  50  6:00  Zergling x2  
  50  6:04  Zergling x2  
  55  6:07  Baneling x4  
  55  6:08  Drone  
  52  6:15  Drone  
  52  6:16  Drone x2  
  53  6:20  Drone  
  54  6:33  Zerg Missile Weapons Level 1  
  54  6:34  Lair  
  54  6:38  Drone x2  
  54  6:39  Drone  
  56  6:42  Drone  
  57  6:54  Drone x6  
  57  7:00  Drone x3  
  64  7:17  Overlord x2  
  64  7:18  Drone x5  
  64  7:20  Extractor  
  67  7:28  Overlord  
  67  7:29  Drone x5  
  71  7:38  Glial Reconstitution  
  71  7:39  Overseer  
  71  7:53  Baneling x2  
  71  7:57  Roach x7  
  79  8:00  Drone x2  
  79  8:02  Drone x4  
  85  8:07  Roach x5  
  95  8:16  Roach  
  95  8:17  Roach x2  
  96  8:22  Ravager  
  96  8:23  Ravager  
  96  8:24  Overlord  
  96  8:25  Overlord  
  96  8:26  Roach x2  
  96  8:32  Hatchery  
  96  8:33  Roach x2  
  97  8:42  Queen  
  97  8:44  Overlord  
  97  8:47  Extractor  
  98  8:50  Roach x5  
  105  8:56  Drone  
  105  8:59  Drone x2  
  105  9:02  Drone  
  106  9:03  Drone  
  106  9:06  Drone x3  
  106  9:09  Pneumatized Carapace  
  110  9:12  Drone x2  
  110  9:14  Ravager x2  
  110  9:15  Ravager x2  
  110  9:16  Zerg Missile Weapons Level 2  
  116  9:17  Drone  
  116  9:22  Overlord x2  
  117  9:32  Overlord  
  117  9:40  Roach x6  
  117  9:43  Overlord x3  
  129  9:48  Overlord x2  
  129  9:55  Queen  
  131  10:03  Evolution Chamber  
  131  10:06  Roach x7  
  144  10:08  Ravager x3  
  144  10:09  Ravager  
  148  10:14  Roach x2  
  148  10:15  Roach  
  144  10:29  Roach x8  
  145  10:43  Roach  
  145  10:44  Roach x8  
  157  11:02  Roach x6  
  157  11:03  Roach  
  165  11:08  Overlord x2  
  165  11:10  Overlord  
  165  11:11  Roach  
Show
View Real Time Build Order
Export as new Build Order

Serral Zerg - Winner!

Build Orders: Hatch First, Zergling Baneling 

Get SALT Encoding   

  12  0:00  Drone  
  13  0:12  Overlord  
  13  0:17  Drone  
  14  0:30  Drone x2  
  16  0:47  Hatchery  
  15  0:50  Drone  
  15  0:54  Drone  
  17  0:57  Drone  
  18  1:07  Extractor  
  17  1:12  Spawning Pool  
  17  1:16  Drone  
  17  1:19  Drone  
  18  1:27  Drone  
  19  1:38  Drone  
  20  1:48  Overlord  
  20  1:58  Queen x2  
  24  2:07  Drone x2  
  24  2:08  Metabolic Boost  
  26  2:10  Drone  
  26  2:11  Drone  
  28  2:20  Drone  
  28  2:21  Drone  
  30  2:34  Hatchery  
  30  2:36  Zergling x2  
  30  2:38  Zergling x2  
  31  2:44  Baneling Nest  
  31  2:47  Zergling x2  
  31  2:49  Overlord  
  31  2:53  Drone  
  31  2:54  Drone  
  33  3:03  Drone  
  33  3:04  Drone  
  35  3:10  Drone x5  
  40  3:13  Overlord  
  40  3:16  Zergling x2  
  40  3:19  Zergling x2  
  42  3:27  Queen, Baneling  
  42  3:32  Baneling  
  44  3:35  Zergling x4  
  44  3:39  Drone  
  47  3:44  Baneling, Evolution Chamber  
  47  3:47  Zergling x2  
  47  3:48  Drone  
  47  3:49  Drone  
  47  3:50  Drone x3  
  47  3:54  Baneling  
  47  3:55  Drone x2  
  53  4:04  Drone x2  
  53  4:08  Overlord, Lair, Extractor x2  
  53  4:11  Zergling x4  
  55  4:20  Drone x3  
  55  4:21  Drone, Roach Warren  
  58  4:27  Zergling x6  
  60  4:32  Drone x2  
  60  4:33  Overlord  
  60  4:37  Zerg Missile Weapons Level 1  
  61  4:42  Baneling x2  
  60  4:48  Zergling x10  
  58  4:53  Baneling  
  58  4:54  Baneling  
  58  4:55  Zergling x8  
  54  5:05  Zergling x8  
  57  5:10  Zergling x4  
  53  5:16  Zergling x6  
  53  5:20  Zergling x4  
  53  5:24  Zergling x4  
  49  5:29  Zergling x2  
  49  5:30  Zergling x2  
  49  5:31  Baneling  
  47  5:35  Baneling x2  
  47  5:37  Zergling x2  
  47  5:39  Zergling x2  
  47  5:41  Zergling x2  
  49  5:43  Zergling x2  
  49  5:45  Baneling x2  
  49  5:49  Zergling x2  
  47  5:51  Zergling x2  
  47  5:54  Baneling x2  
  47  5:55  Zergling x2  
  46  6:01  Baneling x2  
  46  6:02  Zergling x4  
  46  6:03  Queen  
  47  6:05  Zergling x2  
  48  6:13  Baneling x2  
  48  6:14  Zergling x4  
  48  6:16  Zergling x2  
  48  6:17  Queen  
  52  6:24  Roach x2  
  56  6:30  Roach  
  58  6:33  Drone  
  59  6:42  Overlord  
  59  6:44  Drone x2  
  59  6:45  Queen  
  63  6:48  Zerg Missile Weapons Level 2  
  63  6:51  Drone  
  63  6:52  Drone  
  65  6:54  Drone  
  65  6:55  Drone  
  66  7:04  Glial Reconstitution  
  66  7:06  Drone x2  
  66  7:07  Drone  
  67  7:09  Drone  
  68  7:15  Drone  
  68  7:16  Drone  
  68  7:17  Drone x3  
  68  7:20  Drone  
  74  7:24  Baneling x4  
  74  7:29  Drone x2  
  76  7:32  Overlord, Extractor  
  76  7:33  Extractor  
  76  7:34  Overseer  
  74  7:39  Drone  
  74  7:40  Drone  
  76  7:47  Drone x6  
  76  7:49  Drone  
  76  7:51  Drone  
  82  7:52  Drone  
  82  7:56  Drone x2  
  82  7:57  Drone x2  
  84  8:06  Overlord  
  84  8:08  Roach x2  
  88  8:14  Hatchery  
  88  8:17  Roach x2  
  88  8:21  Overlord  
  88  8:22  Overlord  
  85  8:27  Roach x4  
  85  8:33  Overlord x2  
  88  8:34  Roach  
  88  8:35  Roach x3  
  88  8:38  Overlord  
  96  8:42  Roach x3  
  96  8:47  Roach x2  
  106  8:49  Roach  
  108  8:59  Roach x3  
  113  9:03  Ravager x4  
  113  9:04  Roach x5  
  113  9:06  Pneumatized Carapace  
  127  9:12  Roach  
  127  9:13  Roach x2  
  133  9:19  Roach x2  
  133  9:23  Overlord  
  133  9:24  Overlord x2  
  137  9:26  Extractor  
  137  9:29  Drone x2  
  137  9:30  Drone  
  139  9:31  Queen  
  139  9:33  Drone  
  139  9:34  Drone  
  139  9:36  Drone  
  144  9:41  Overlord x2  
  144  9:49  Overlord  
  144  9:50  Roach  
  144  9:51  Roach x4  
  154  9:57  Roach  
  154  9:59  Roach  
  158  10:02  Tunneling Claws  
  158  10:03  Burrow  
  158  10:04  Roach  
  160  10:07  Roach x2  
  160  10:08  Ravager x2  
  166  10:16  Roach x5  
  174  10:23  Roach x4  
  174  10:28  Ravager  
  183  10:32  Roach x5  
  191  10:41  Roach  
  191  10:43  Overlord x2  
  191  10:46  Overlord  
  191  10:47  Hydralisk Den  
  190  10:53  Roach  
  188  10:58  Roach  
  188  10:59  Roach x2  
  188  11:02  Roach x4  
  200  11:07  Roach x9  
  200  11:08  Roach  
  200  11:09  Ravager  
  200  11:10  Ravager  
Tags
 
Add a new tag
Caveats
  • Supply blocks, unpowered buildings, or Contaminate may cause inaccurate times.
  • Supply counts are checked every 10 seconds.